 Dungeon Crawl Stone Soup version 0.27-a0-1299-g1ab19c6527 (webtiles) character file.

Game seed: 5444384647236755501

77 deletemesenpai the Skirmisher (level 4, 0/40 HPs)
             Began as a Hill Orc Fighter on June 16, 2021.
             Slain by an orc wizard (2 damage)
             ... on level 2 of the Dungeon.
             The game lasted 00:03:02 (983 turns).

deletemesenpai the Skirmisher (Hill Orc Fighter)     Turns: 983, Time: 00:03:02

Health: 0/40       AC: 10    Str: 19    XL:     4   Next: 33%
Magic:  4/4        EV:  5    Int:  8    God:
Gold:   76         SH:  9    Dex: 10    Spells: 3/3 levels left

rFire    . . .     SeeInvis .   a - +0 war axe
rCold    . . .     Faith    .   c - +0 kite shield
rNeg     . . .     Spirit   .   i - +0 chain mail
rPois    .         Reflect  .   m - +0 helmet
rElec    .         Harm     .   (no cloak)
rCorr    .         Rampage  .   (no gloves)
Will     .....                  (no boots)
Stlth    ..........             (no amulet)
HPRegen  0.13/turn              (no ring)
MPRegen  0.09/turn              (no ring)

@: attractive
A: no striking features
a: no special abilities


You were on level 2 of the Dungeon.
You visited 1 branch of the dungeon, and saw 2 of its levels.

You collected 76 gold pieces.

Inventory:

Hand Weapons
 a - a +0 war axe (weapon)
Missiles
 n - 15 poisoned darts (quivered)
Armour
 c - a +0 kite shield (worn)
 i - a +0 chain mail (worn)
 m - a +0 helmet (worn)
Scrolls
 f - a scroll of torment {unknown}
 g - a scroll of amnesia {unknown}
 h - a scroll of identify {unknown}
 j - 2 scrolls of holy word {unknown}
 k - a scroll of fear {unknown}
 l - a scroll of immolation {unknown}
Potions
 b - a potion of curing
 d - a potion of might


   Skills:
 + Level 4.2 Fighting
 + Level 4.0 Axes
 + Level 3.9 Armour
 + Level 4.0 Shields


You had 3 spell levels left.
You didn't know any spells.
Your spell library was empty.

Dungeon Overview and Level Annotations

Branches:
Dungeon (2/15)

Altars:


Message History

A magic dart appears from out of thin air!
The magic dart hits you.
* * * LOW HITPOINT WARNING * * *
An orc wizard appears from thin air!
Reactivating autopickup.
The orc wizard casts a spell at you. You resist with significant effort.
The orc wizard hits you but does no damage.
You closely miss the orc wizard.
The orc wizard is severely wounded.
The orc wizard hits you but does no damage.
You slash the orc wizard!
You kill the orc wizard!
You hear some strange, mumbled words.
Deactivating autopickup; reactivate with Ctrl-A.
Something tries to affect you, but you resist.
Your Axes skill increases to level 4!
Your Shields skill increases to level 4!
You have reached level 4!
It was a potion of attraction.
You feel attractive to monsters.
Unknown command.
You miss something. You block something's attack.
You hear some strange, mumbled words.
You are confused.
You barely miss something.
You hear some strange, mumbled words.
Something tries to affect you, but you resist.
You closely miss something.
You hear some strange, mumbled words.
A magic dart appears from out of thin air!
The magic dart hits you.
* * * LOW HITPOINT WARNING * * *
Something hits you but does no damage.
You closely miss something. Something hits you but does no damage.
You closely miss something.
You feel less confused.
Something hits you but does no damage. x2
You barely miss something. Something hits you.
You die...

#. #.#
#.#.####.####
#. #.# #.#.#
#.# #. #.#
#.#.# #.# #.##
#.# #.#.####.#
..# #.#
#.#......# #
#.###.#
#.###########
.####<###).##.#
#............
......)...{##.#
#############
.....#####.##@#
#......# ###
###'##{#
#......#
#......#
#......#
#......#
#......####
#......#
#.........###
#......#
#####.....'..
#......#
#.....###
#......#
#####.....#
#####..#
#...#.....#


There were no monsters in sight!

Vanquished Creatures
  2 orc wizards (D:2)
  2 dart slugs (D:1)
  2 orcs (D:2)
  4 ball pythons
  3 endoplasms
  3 giant cockroaches (D:1)
  A goblin (D:1)
  A hobgoblin (D:1)
  5 jackals
  5 kobolds
  3 quokkas
  6 bats
  A frilled lizard (D:2)
  2 rats
40 creatures vanquished.

Notes
Turn   | Place    | Note
-------+----------+-------------------------------------------
     0 | D:1      | deletemesenpai the Hill Orc Fighter began the quest for the
                  | Orb.
     0 | D:1      | Reached XP level 1. HP: 19/19 MP: 1/1
    66 | D:1      | Reached XP level 2. HP: 19/27 MP: 2/2
   313 | D:1      | Reached XP level 3. HP: 33/33 MP: 3/3
   977 | D:2      | Reached XP level 4. HP: 4/40 MP: 4/4
   980 | D:2      | HP: 1/40 [something/magic dart (4)]
   983 | D:2      | Slain by an orc wizard

Illustrated notes

Levels and vault maps discovered:
D:1:      psy_arrival_basics, layout_loops_ring
D:2:      layout_basic, uniq_robin

Skill      XL: |  1  2  3 |
---------------+----------+-----
Axes           | 3 4 |  4.0
Fighting       | 4 |  4.2
Shields        | 4 |  4.0
Armour         | |  3.9

Action                   |  1- 3 |  4- 6 || total
-------------------------+-------+-------++-------
Melee: War axe           |   125 |     6 ||   131
  Use: Potion            |     1 |     1 ||     2
Armor: Scale mail        |    19 |       ||    19
       Chain mail        |    74 |     4 ||    78
Dodge: Dodged            |    45 |       ||    45
Block: Kite shield       |    74 |     1 ||    75

Table legend: (Time is in decaauts)
 A = Elapsed time spent in this place.
 B = Non-inter-level travel time spent in this place.
 C = Inter-level travel time spent in this place.
 D = Time resting spent in this place.
 E = Time spent auto-exploring this place.
 F = Levels seen in this place.
 G = Mean time per level.
                   A        B        C        D        E       F      G
               +--------+--------+--------+--------+--------+-----+--------+
         Total |   1057 |   1053 |      4 |      0 |    536 |   2 |  528.5 |
       Dungeon |   1057 |   1053 |      4 |      0 |    536 |   2 |  528.5 |
               +--------+--------+--------+--------+--------+-----+--------+

Top non-repeatable levels by time:
     D:1: 625 daAuts
     D:2: 432 daAuts
